 Dungeon Crawl Stone Soup version 0.28.0-53-g5a82cb258f (webtiles) character file.

Game seed: 5582912315421151985

30 DemonSlayer the Firebug (level 3, 0/24 HPs)
             Began as a Demonspawn Fire Elementalist on July 31, 2022.
             Slain by a jackal (3 damage)
             ... on level 2 of the Dungeon.
             The game lasted 00:02:46 (1287 turns).

DemonSlayer the Firebug (DsFE)                      Turns: 1287, Time: 00:02:47

Health: 0/24       AC:  2    Str:  8    XL:     3   Next: 5%
Magic:  3/7        EV: 12    Int: 18    God:
Gold:   28         SH:  4    Dex: 13    Spells: 4/7 levels left

rFire   . . .      SeeInvis .   h - +1 dagger (flame)
rCold   . . .      Faith    .   (no shield)
rNeg    . . .      Spirit   .   a - +0 robe
rPois   +          Reflect  .   (no helmet)
rElec   .          Harm     .   (no cloak)
rCorr   .          Rampage  .   (no gloves)
Will    .....                   (no boots)
Stlth   ++........              (no amulet)
HPRegen 0.08/turn               c - ring of poison resistance
MPRegen 0.10/turn               i - ring of flight

@: flying
A: large bone plates 1
a: no special abilities


You were on level 2 of the Dungeon.
You visited 1 branch of the dungeon, and saw 2 of its levels.

You collected 28 gold pieces.

Inventory:

Hand Weapons
 h - a +1 dagger of flaming (weapon)
Missiles
 k - 14 sling bullets
Armour
 a - a +0 robe (worn)
Jewellery
 c - a ring of poison resistance (left hand)
 i - a ring of flight (right hand)
Scrolls
 d - 2 scrolls of teleportation {unknown}
 e - a scroll of noise {unknown}
 f - a scroll of enchant weapon {unknown}
 l - a scroll of brand weapon {unknown}
Potions
 b - 3 potions of curing {unknown}
 g - 2 potions of degeneration {unknown}
 j - a potion of berserk rage {unknown}


   Skills:
 + Level 0.1 Short Blades
 + Level 1.8 Dodging
 + Level 1.8 Stealth
 + Level 2.8 Spellcasting
 + Level 1.1 Conjurations
 + Level 3.0 Fire Magic


You had 4 spell levels left.
You knew the following spells:

 Your Spells              Type           Power      Damage    Failure   Level
a - Foxfire               Conj/Fire      40%        2x1d6     7%          1
b - Scorch                Fire           26%        2d6       7%          2

Your spell library contained the following spells:

 Spells                   Type           Power      Damage    Failure   Level
 Conjure Flame            Conj/Fire      10%        6-21      22%         3
 Inner Flame              Hex/Fire       8%         N/A       26%         3
 Flame Wave               Conj/Fire      10%        2d5       56%         4


Dungeon Overview and Level Annotations

Branches:
Dungeon (2/15)

Altars:

Annotations:
D:2 1 runed translucent door, Crazy Yiuf


Innate Abilities, Weirdness & Mutations

You are partially covered in large bone plates. (SH +4)


Message History

The jackal closely misses you. The jackal misses you.
You see here a +0 short sword.
The jackal bites you.
The jackal barks!
The jackal bites you.
You conjure some foxfire!
The foxfire hits the jackal but does no damage.
The jackal is heavily wounded.
The jackal bites you.
You are too depleted to draw on your mana recklessly!
You are too depleted to draw on your mana recklessly!
You miss the jackal.
The jackal is almost dead.
The jackal closely misses you. The jackal bites you. x2
The jackal barely misses you. The jackal bites you.
* * * LOW HITPOINT WARNING * * *
You hit the jackal. You burn the jackal.
You kill the jackal!
The jackal bites you but does no damage.
The jackal closely misses you.
The jackal closely misses you. x2; The jackal barely misses you.
You see here a +0 short sword.
The jackal misses you. The jackal closely misses you.
You block the jackal's attack. You block the jackal's attack.
You see here a jackal corpse.
Found an escape hatch in the floor.
You block the jackal's attack. The jackal bites you.
* * * LOW HITPOINT WARNING * * *
The jackal bites you but does no damage.
The jackal barely misses you.
There is an escape hatch in the floor here.
The jackal bites you.
* * * LOW HITPOINT WARNING * * *
You fly downwards.
The hatch slams shut behind you.
Level annotation: 1 runed translucent door, Crazy Yiuf You barely miss the jackal.
The jackal barely misses you. The jackal bites you.
You die...

###............#.##.#
..................#.#
####......#..#.#..#.#
####......#.........#
#<######.##.##.#..###
..).........##.#.##
..######.#..##.#.#
#.# #.#.....#h# #.#
#.##.####@###
..######.##.####.#.#
.#.......##......#.#
.###############...#
.# #.#.# .# #.#.#
.###############.#.#
...................#
################.###


You could see a jackal.

Vanquished Creatures
  An adder (D:2)
  A dart slug (D:2)
  A ball python (D:2)
  2 endoplasms (D:2)
  4 goblins
  2 hobgoblins
  2 jackals (D:1)
  2 frilled lizards (D:2)
  3 kobolds
18 creatures vanquished.

Vanquished Creatures (others)
  38 foxfires
38 creatures vanquished.

Grand Total: 56 creatures vanquished

Notes
Turn   | Place    | Note
-------+----------+-------------------------------------------
     0 | D:1      | DemonSlayer the Demonspawn Fire Elementalist began the
                  | quest for the Orb.
     0 | D:1      | Reached XP level 1. HP: 13/13 MP: 3/3
    89 | D:1      | Found a faded altar of an unknown god.
   302 | D:2      | Gained mutation: You are partially covered in large bone
                  | plates. (SH +4) [demonic ancestry]
   302 | D:2      | Reached XP level 2. HP: 19/19 MP: 1/5
   305 | D:2      | Learned a level 2 spell: Scorch
   478 | D:2      | Reached skill level 3 in Fire Magic
   872 | D:2      | Found a runed translucent door.
   873 | D:2      | Noticed Crazy Yiuf
  1234 | D:1      | Reached XP level 3. HP: 24/24 MP: 1/7
  1287 | D:2      | Slain by a jackal

Illustrated notes

Levels and vault maps discovered:
D:1:      dpeg_arrival_rooms_c, layout_loops_ring,
          shapermc_ecumenical_altar_pompeii, serial_park_tiny_2
D:2:      layout_basic, uniq_crazy_yiuf_cottage

Skill      XL: |  1  2 |
---------------+-------+-----
Fire Magic     | 3 |  3.0
Short Blades   | |  0.1
Dodging        | |  1.8
Stealth        | |  1.8
Spellcasting   | |  2.8
Conjurations   | |  1.1

Action                   || total
-------------------------++-------
Melee: Dagger            ||    29
 Cast: Foxfire           ||    29
       Scorch            ||     7
 Stab: Sleeping          ||     1
Armor: Robe              ||     8
Dodge: Dodged            ||    34
Block: Other             ||     7
